 Dungeon Crawl Stone Soup version 0.24-a0-619-gb7544fd237 (console) character file.

Game seed: 15213563623236450851, levelgen mode: deterministic

27 Hempel the Shield-Bearer (level 2, 0/29 HPs)
             Began as a Troll Fighter on Sept 17, 2019.
             Slain by a kobold
             ... wielding a +2 whip of electrocution
              (14 damage)
             ... on level 2 of the Dungeon.
             The game lasted 00:01:46 (809 turns).

Hempel the Shield-Bearer (Troll Fighter)             Turns: 809, Time: 00:01:48

Health: 0/29       AC:  6    Str: 23    XL:     2   Next: 93%
Magic:  1/1        EV:  8    Int:  4    God:
Gold:   26         SH:  8    Dex:  9    Spells: 1/1 levels left

rFire    . . .     SeeInvis .   a - +0 flail
rCold    . . .     Gourm    +   c - +0 shield
rNeg     . . .     Faith    .   b - +0 robe
rPois    .         Spirit   .   (helmet restricted)
rElec    .         Reflect  .   (no cloak)
rCorr    .         Harm     .   (gloves unavailable)
MR       .....                  (boots unavailable)
Stlth    +.........             (no amulet)
HPRegen  0.49/turn              (no ring)
MPRegen  0.07/turn              (no ring)

@: no status effects
A: large, unfitting armour, claws 3, fast metabolism 3, gourmand, regeneration
1, shaggy fur 1, tough skin 3
a: no special abilities


You were on level 2 of the Dungeon.
You were very full.

You visited 1 branch of the dungeon, and saw 2 of its levels.

You collected 26 gold pieces.

Inventory:

Hand Weapons
 a - a +0 flail (weapon)
Armour
 b - a +0 robe (worn)
 c - a +0 shield (worn)
Jewellery
 l - a +5 amulet of reflection {unknown}
   (You found it on level 1 of the Dungeon)
Scrolls
 f - a scroll of magic mapping {unknown}
 g - 2 scrolls of identify {unknown}
 i - a scroll of fog {unknown}
Potions
 d - a potion of might
 h - a potion of heal wounds {unknown}
 k - a potion of haste {unknown}
 m - a potion of mutation {unknown}
Comestibles
 e - 3 rations {!d}


   Skills:
 + Level 2.6 Fighting
 + Level 2.2 Maces & Flails
 + Level 2.7 Dodging
 + Level 2.7 Shields


You had one spell level left.
You didn't know any spells.
Your spell library was empty.

Dungeon Overview and Level Annotations

Branches:
Dungeon (2/15)

Altars:


Innate Abilities, Weirdness & Mutations

You are too large for most types of armour.
You have claws for hands.
Your metabolism is lightning-fast.
You like to eat raw meat.
Your natural rate of healing is unusually fast.
You are covered in fur. (AC +1)
You have extremely tough skin. (AC +3)


Message History

No target in view!
Found a ruby potion.
Found a ration.
No target in view!
No target in view!
No target in view!
m - a ruby potion
e - 3 rations {!d} (gained 1) Done exploring.
No target in view!
No target in view!
No target in view!
Done exploring.
Done exploring.
Done exploring.
(D) Dungeon
Where to? (? - help)
There is a stone staircase leading down here.
You climb downwards.
An adder, 2 rats and a kobold come into view.
The kobold is wielding a +2 whip of electrocution.
The kobold shouts!
The adder hisses angrily.
Found an escape hatch in the floor.
Found a stone staircase leading up.
There is a stone staircase leading up here.
Okay, then.
Firing (i - inventory) No suitable missiles.
Aim: a rat
Okay, then.
As you read the scroll labeled GUENNO BYICAQUCHEL, it crumbles to dust.
You feel blessed for a moment.
It was a scroll of remove curse.
The adder closely misses you. The rat barely misses you.
You block the kobold's attack.
You sock the rat!
You kill the rat!
The adder barely misses you.
The rat twitches its whiskers.
The kobold hits you but does no damage.
You are electrocuted!
Ouch! That really hurt!
* * * LOW HITPOINT WARNING * * *
The rat barely misses you. The adder barely misses you.
You sock the rat!
You kill the rat!
You block the adder's attack. The kobold closely misses you.
You block the adder's attack. The kobold hits you but does no damage.
You block the adder's attack.
You see here a rat corpse.
The kobold hits you but does no damage.
You are electrocuted!
You die...

#####
##...##
##8.>.8##
#....@†.#
#.<.8†KS#
#.......#
##8...8##
##...##
##+##


You could see an adder and a kobold.

Vanquished Creatures
  3 dart slugs (D:1)
  A ball python (D:1)
  3 bats (D:1)
  3 goblins (D:1)
  3 hobgoblins (D:1)
  2 frilled lizards (D:1)
  A kobold (D:1)
  5 rats
21 creatures vanquished.

Notes
Turn   | Place    | Note
-------+----------+-------------------------------------------
     0 | D:1      | Hempel the Troll Fighter began the quest for the Orb.
     0 | D:1      | Reached XP level 1. HP: 22/22 MP: 0/0
   140 | D:1      | Reached XP level 2. HP: 29/29 MP: 1/1
   809 | D:2      | Slain by a kobold

Levels and vault maps discovered:
D:1:      dpeg_arrival_round_c, layout_loops_ring, minmay_indecisive_spiral
D:2:      layout_loops_ring, ashenzari_conservatory_becter, first_ration,
          grunt_ministairs_7, hangedman_abyss_or_decor_stabs, uniq_terence

Skill      XL: |  1 |
---------------+----+-----
Maces & Flails | 2 |  2.2
Fighting       | |  2.6
Dodging        | |  2.7
Shields        | |  2.7

Action                   || total
-------------------------++-------
Melee: Flail             ||    63
  Use: Scroll            ||     1
  Eat: Chunk             ||    12
Armor: Robe              ||    28
Dodge: Dodged            ||    37
Block: Shield            ||    42

Table legend:
 A = Non-vault XP
 B = Vault XP
 C = Vault XP percentage of total XP
 D = Non-vault monster count
 E = Vault monster count
 F = Vault count percentage of total count
                 A         B        C        D         E       F
            +---------+---------+-------+---------+---------+-------
      Total |      28 |      11 |  28.2 |      16 |       5 |  23.8
            +---------+---------+-------+---------+---------+-------
        D:1 |      27 |      10 |  27.0 |      15 |       4 |  21.1
        D:2 |       1 |       1 |  50.0 |       1 |       1 |  50.0
            +---------+---------+-------+---------+---------+-------
